 Dungeon Crawl Stone Soup version 0.30-a0-637-gacddeb6d44 (webtiles) character file.

Game seed: 2884177812763236263

83182 tsouns the Jinx (level 16, -8/126 (137) HPs)
             Began as a Formicid Hexslinger on Jan 16, 2023.
             Was a High Priest of Ashenzari.
             Mangled by a demonic crawler (9 damage)
             ... on level 1 of the Spider Nest.
             The game lasted 01:12:03 (24676 turns).

tsouns the Jinx (Formicid Hexslinger)              Turns: 24676, Time: 01:12:04

HP:   -8/126 (137)  AC: 22    Str: 17    XL:     16   Next: 23%
MP:   32/32         EV: 22    Int: 19    God:    Ashenzari [*****.]
Gold: 1663          SH:  0    Dex: 14    Spells: 15/39 levels left

rFire   . . .      SeeInvis +    m - +2 longbow (flame)
rCold   + . .      Faith    .    r - orb "Ruined Together" {guile, Range, Melee} (curse)
rNeg    . . .      Spirit   .    w - +2 steam dragon scales "Mistrust of Ashenzari" {Range, Cun} (curse)
rPois   .          Reflect  .    (helmet unavailable)
rElec   .          Harm     .    x - +2 cloak of Supernal Understanding {Range, Cun} (curse)
rCorr   .          Rampage  .    z - +2 pair of gloves of the Chained Ethics {Fort, Cun} (curse)
Will    .....      Clarity  +    e - +3 pair of mountain boots {steadfast, rC+, Range, Evo} (curse)
Stlth   +++++                    L - amulet of Ashenzari's Moon {Regen+, Self, Evo} (curse)
HPRegen 1.21/turn                f - ring of the Ensconced Stars {EV+5, Bglg, Alch} (curse)
MPRegen 0.23/turn                k - ring of Apeoromancy {Will+, Self, Range} (curse)

@: drained
A: permanent stasis, dig shafts and tunnels, antennae 3, four strong arms,
iridescent scales 1
a: Dig, Shaft Self, Renounce Religion, Curse Item, Shatter the Chains


You were on level 1 of the Spider Nest.
You worshipped Ashenzari.
Ashenzari was extremely pleased with you.
You visited 4 branches of the dungeon, and saw 23 of its levels.
You visited the Abyss 1 time.
You also visited: Sewer and Ossuary.

You collected 2730 gold pieces.
You spent 1067 gold pieces at shops.

Inventory:

Hand Weapons
 a - a +7 heavy sling
 m - a +2 longbow of flaming (weapon)
Missiles
 c - 9 curare-tipped darts
 W - a throwing net
Armour
 e - the cursed +3 pair of mountain boots (worn) {steadfast, rC+, Range, Evo}
   (You acquired it on level 5 of the Dungeon)

   Steadfast: It prevents involuntary movement, except for blinking,
   teleportation, or banishment.
   rC:        It protects you from cold.
   It has a curse which improves the following skills: Ranged Combat: Ranged
   Weapons and Throwing.
   Evocations: Evocations.
 r - the cursed orb "Ruined Together" (worn) {guile, Range, Melee}
   (You found it on level 4 of the Dungeon)

   It has a curse which improves the following skills: Ranged Combat: Ranged
   Weapons and Throwing.
   Melee Combat: Short Blades, Long Blades, Axes, Maces & Flails, Polearms,
   Staves and Unarmed Combat.
 s - a +1 buckler of protection
 w - the cursed +2 steam dragon scales "Mistrust of Ashenzari" (worn) {Range, Cun}
   (You found it on level 7 of the Dungeon)

   It has a curse which improves the following skills: Ranged Combat: Ranged
   Weapons and Throwing.
   Cunning:   Dodging and Stealth.
 x - the cursed +2 cloak of Supernal Understanding (worn) {Range, Cun}
   (You took it off Crazy Yiuf on level 4 of the Dungeon)

   It has a curse which improves the following skills: Ranged Combat: Ranged
   Weapons and Throwing.
   Cunning:   Dodging and Stealth.
 z - the cursed +2 pair of gloves of the Chained Ethics (worn) {Fort, Cun}
   (You bought it in a shop on level 6 of the Dungeon)

   It has a curse which improves the following skills: Fortitude: Armour and
   Shields.
   Cunning:   Dodging and Stealth.
Jewellery
 f - the cursed ring of the Ensconced Stars (left hand) {EV+5, Bglg, Alch}
   (You found it on level 1 of the Dungeon)

   [ring of evasion]

   EV:        It affects your evasion (+5).
   It has a curse which improves the following skills: Beguiling: Conjurations,
   Hexes and Translocations.
   Alchemy:   Poison Magic and Transmutations.
 k - the cursed ring of Apeoromancy (right hand) {Will+, Self, Range}
   (You found it on level 2 of the Dungeon)

   [ring of willpower]

   Will:      It increases your willpower.
   It has a curse which improves the following skills: Introspection: Fighting
   and Spellcasting.
   Ranged Combat: Ranged Weapons and Throwing.
 y - a +5 ring of evasion
 L - the cursed amulet of Ashenzari's Moon (around neck) {Regen+, Self, Evo}
   (You bought it in a shop on level 12 of the Dungeon)

   [amulet of regeneration]

   Regen:     It increases your rate of health regeneration.
   It has a curse which improves the following skills: Introspection: Fighting
   and Spellcasting.
   Evocations: Evocations.
 O - an amulet of reflection
 U - a ring of protection from cold
Wands
 t - a wand of quicksilver (9)
 A - a wand of digging (4)
 C - a wand of iceblast (18)
 G - a wand of paralysis (3)
 P - a wand of polymorph (13)
 R - a wand of flame (15)
Scrolls
 b - 5 scrolls of poison
 d - a scroll of enchant armour
 g - a scroll of brand weapon
 h - 2 scrolls of silence
 j - a scroll of amnesia
 l - a scroll of immolation
 u - 4 scrolls of fog
 F - 4 scrolls of summoning
 I - 4 scrolls of magic mapping
 S - 3 scrolls of fear
 T - a scroll of enchant weapon
 V - 4 scrolls of vulnerability
Potions
 i - 3 potions of cancellation
 n - 9 potions of flight
 o - 6 potions of mutation
 p - 4 potions of lignification
 q - 2 potions of attraction
 v - 6 potions of ambrosia
 B - a potion of magic
 E - 6 potions of curing
 J - a potion of brilliance
 K - 2 potions of might
Miscellaneous
 H - a condenser vane
 X - a box of beasts


   Skills:
 + Level 12.3(15.7) Fighting
 + Level 14.2(20.5) Ranged Weapons
 - Level 6.8(9.2) Armour
 - Level 7.1(11.6) Dodging
 + Level 7.4(11.9) Stealth
 - Level 7.2(9.6) Shields
 + Level 8.5(12.0) Spellcasting
 - Level 14.5(16.7) Hexes
 - Level 4.8 Summonings
 - Level 4.0 Air Magic
 + Level 7.2(10.7) Evocations


You had 15 spell levels left.
You knew the following spells:

 Your Spells              Type           Power      Damage    Failure   Level
a - Slow                  Hex            100%       N/A       0%          1
b - Inner Flame           Hex/Fire       43%        N/A       1%          3
c - Portal Projectile     Hex/Tloc       86%        N/A       1%          3
d - Cause Fear            Hex            33%        N/A       1%          4
e - Summon Lightning Spi  Summ/Air       28%        N/A       10%         4
f - Ensorcelled Hibernat  Hex/Ice        86%        N/A       1%          2
g - Tukima's Dance        Hex            66%        N/A       1%          3
h - Anguish               Hex/Necr       21%        N/A       1%          4

Your spell library contained the following spells:

 Spells                   Type           Power      Damage    Failure   Level
 Call Imp                 Summ           30%        N/A       1%          2
 Poisonous Vapours        Pois/Air       38%        N/A       3%          2
 Cigotuvi's Dreadful Rot  Necr/Pois/Air  32%        N/A       4%          2
 Magic Dart               Conj           48%        1d5       5%          1
 Foxfire                  Conj/Fire      44%        2x1d6     6%          1
 Momentum Strike          Conj/Tloc      24%        3d8       9%          2
 Searing Ray              Conj           24%        2d5       9%          2
 Mephitic Cloud           Conj/Pois/Air  17%        N/A       10%         3
 Lesser Beckoning         Tloc           24%        N/A       16%         3
 Spider Form              Tmut/Pois      12%        N/A       16%         3
 Blade Hands              Tmut           6%         N/A       83%         5
 Fireball                 Conj/Fire      5%         3d5       85%         5
 Starburst                Conj/Fire      5%         6d4       100%        6
 Storm Form               Tmut/Air       9%         N/A       100%        7
 Maxwell's Capacitive Co  Air            13%        ∞         100%        8
 Chain Lightning          Conj/Air       9%         3d12      100%        9
 Blink                    Tloc           Unusable   N/A       N/A         2

Dungeon Overview and Level Annotations

Branches:
Dungeon (15/15)            Temple (0/1) D:7            Lair (5/5) D:8
  Swamp (0/4) Lair:3       Spider (1/4) Lair:3        Slime (0/5) Lair:5
    Orc (2/2) D:12            Elf (0/3) Orc:2        Vaults (0/5) D:13
 Depths (0/4) D:15          Sewer (visited)         Ossuary (visited)

Altars:
Ashenzari
Cheibriados
Dithmenos
Elyvilon
Fedhas
Gozag
Hepliaklqana
Kikubaaqudgha
Makhleb
Okawaru
Qazlal
Ru
Sif Muna
Trog
Uskayaw
Vehumet
Wu Jian
Xom
Yredelemnul
Zin
The Shining One

Shops:
D:3 [   D:6 ?[*(   D:12 =   Orc:2 ([[:

Annotations:
D:6 2 transporters, kae's ghost, novice DsTm
D:11 4 transporters


Innate Abilities, Weirdness & Mutations

You cannot be hasted, slowed, berserked, paralysed or teleported.
You can dig through walls and to a lower floor.
You have a pair of large antennae on your head. (SInv)
Your four strong arms can wield two-handed weapons with a shield.
You are partially covered in iridescent scales. (AC +2)


Message History

The demonic crawler hits you!
The demonic crawler completely misses you.
The demonic crawler closely misses you.
You shoot an arrow. The arrow hits the demonic crawler!
The arrow burns the demonic crawler.
The demonic crawler is heavily wounded.
The demonic crawler barely misses you. The demonic crawler closely misses you.
The demonic crawler misses you.
A torpor snail comes into view.
The demonic crawler closely misses you. The demonic crawler hits you.
The demonic crawler hits you!!
The torpor snail moves out of view.
The demonic crawler attacks as you move away!
The demonic crawler hits you but does no damage.
The demonic crawler completely misses you.
The demonic crawler misses you.
The demonic crawler completely misses you.
The demonic crawler hits you!!
The demonic crawler hits you but does no damage.
You extend your mandibles.
You dig through the rock wall.
You feel drained.
The moth of wrath attacks as you move away!
The moth of wrath bites you!
* * * LOW HITPOINT WARNING * * *
The demonic crawler misses you. x2
The demonic crawler hits you but does no damage.
You dig through the rock wall.
You feel drained.
Okay, then.
Unknown command.
Are you sure you want to shaft yourself?
The demonic crawler barely misses you. The demonic crawler misses you.
The demonic crawler hits you!!
* * * LOW HITPOINT WARNING * * *
The demonic crawler completely misses you.
The demonic crawler hits you but does no damage.
The demonic crawler closely misses you.
You begin to dig a shaft.
You continue digging a shaft.
The demonic crawler misses you. The demonic crawler hits you!
* * * LOW HITPOINT WARNING * * *
The demonic crawler hits you!
You die...

.#.....#.........^...#..*
*
................)......#*
...................{..#
#............#...#...#
................{...#*
.................#..#
...#....#...#..y.####
##..###.######.##s# ####
### ###@## ###


You could see a demonic crawler (berserk).

Vanquished Creatures
  Jorgrun (D:15)
  3 orc warlords (Orc:2)
  Nessos (D:15)
  A fire dragon (Lair:5)
  Fannar (D:12)
  5 hydras
  A rakshasa (D:15)
  An ice dragon (Lair:5)
  2 centaur warriors (D:13)
  2 catoblepae (Lair:4)
  4 boulder beetles
  3 death yaks
  3 two-headed ogres
  Erica (Orc:1)
  An orc high priest (Orc:2)
  A tengu warrior (D:14)
  Sonja (D:13)
  A fire crab (Lair:5)
  An orb spider (Spider:1)
  A fire crab (shapeshifter) (D:15)
  A swamp dragon (Lair:5)
  A bog body (Lair:3)
  A wizard (D:15)
  3 lindwurms
  2 orc knights
  A necromancer (D:15)
  3 deep elf pyromancers
  6 ugly things (D:15)
  5 manticores
  3 cyclopes
  A wolf spider (Spider:1)
  3 orc sorcerers
  A demonic crawler (Spider:1)
  2 black mambas (Lair:5)
  2 naga magi (D:15)
  5 torpor snails (Lair:5)
  9 cane toads
  2 unseen horrors (D:10)
  4 centaur skeletons
  A kobold demonologist (D:10)
  3 efreet
  4 rime drakes
  An unseen horror zombie (D:10)
  A freezing wraith (D:15)
  11 komodo dragons
  An ancient zyme (Abyss:3)
  4 polar bears
  10 hornets
  3 tyrant leeches (Lair:5)
  15 trolls
  A tarantella (Spider:1)
  A hornet (shapeshifter) (D:14)
  4 blink frogs
  3 raiju (Abyss:3)
  4 large abominations (Abyss:3)
  5 dream sheep (Lair:5)
  2 centaur simulacra (D:12)
  7 slime creatures
  A wyvern (D:7)
  4 wraiths
  A culicivora (Spider:1)
  19 yaks
  A culicivora (shapeshifter) (D:14)
  A wyvern (shapeshifter) (D:13)
  5 basilisks
  A steam dragon (D:7)
  2 chaos spawn (Abyss:3)
  13 vampire mosquitoes
  5 wargs
  2 acid dragons (Lair:5)
  3 hell hounds (Abyss:3)
  12 water moccasins
  2 sky beasts
  3 ice beasts
  49 orc warriors
  A swamp drake (Lair:5)
  2 black bears
  3 ogres
  12 wolves
  3 centaurs
  The ghost of eyesofgods1 the Shooter, an amateur OpHu (D:3)
  A phantom (D:5)
  6 kobold brigands
  An elf zombie (Ossuary)
  A necrophage (D:5)
  2 gnoll sergeants
  6 bullfrogs
  5 scorpions
  2 wights
  2 small abominations (Abyss:3)
  18 killer bees
  7 electric eels
  4 howler monkeys (D:9)
  A spectral centaur (D:10)
  A crimson imp (Abyss:3)
  5 centaur zombies
  A quasit (Abyss:3)
  3 hounds
  3 jellies
  20 orc priests
  Crazy Yiuf (D:4)
  11 iguanas
  41 orc wizards
  4 hell rats (Lair:2)
  A merfolk avatar (Sewer)
  A merfolk siren (Sewer)
  A boggart simulacrum (D:12)
  2 mummies (Ossuary)
  6 gnolls
  2 river rats
  14 adders
  2 shadow imps
  5 white imps
  An ufetubus (D:4)
  2 adder zombies (Ossuary)
  5 worms
  4 dart slugs
  144 orcs
  8 ball pythons
  2 endoplasms
  7 giant cockroaches
  4 goblins
  7 hobgoblins
  3 jackals (D:2)
  11 quokkas
  2 bats (D:3)
  8 frilled lizards
  A goblin zombie (Ossuary)
  12 hobgoblin zombies (Ossuary)
  29 kobolds
  12 kobold zombies (Ossuary)
  4 orc zombies (Ossuary)
  2 quokka zombies
  26 rats
  4 rat zombies (Ossuary)
795 creatures vanquished.

Vanquished Creatures (collateral kills)
  Agnes (D:15)
  An orc warrior (Orc:2)
2 creatures vanquished.

Vanquished Creatures (others)
  A wizard (D:15)
  2 small abominations (Abyss:3)
  An orc priest (Orc:2)
  An iguana (Lair:5)
  22 fungi
  40 plants
67 creatures vanquished.

Grand Total: 864 creatures vanquished

Notes
Turn   | Place    | Note
-------+----------+-------------------------------------------
     0 | D:1      | tsouns the Formicid Hexslinger began the quest for the Orb.
     0 | D:1      | Reached XP level 1. HP: 15/15 MP: 2/2
    96 | D:1      | Reached XP level 2. HP: 21/21 MP: 3/3
   859 | D:2      | Reached XP level 3. HP: 21/27 MP: 4/4
   863 | D:2      | Learned a level 3 spell: Inner Flame
  1280 | D:2      | Gained mutation: You are partially covered in iridescent
                  | scales. (AC +2) [potion of mutation]
  1289 | D:2      | Reached XP level 4. HP: 6/33 MP: 1/5
  1532 | D:2      | Found a faded altar of an unknown god.
  1559 | D:2      | Prayed at the altar of an unknown god.
  1559 | D:2      | Became a worshipper of Ashenzari the Shackled
  1941 | D:3      | Found an ancient bone altar of Kikubaaqudgha.
  1956 | D:3      | Found Tuntalep's Armour Shop.
  2008 | D:3      | Reached XP level 5. HP: 38/38 MP: 6/6
  2015 | D:3      | You fall into a shaft and drop 2 floors!
  2015 | D:5      | Entered Level 5 of the Dungeon
  2024 | D:5      | Identified a scroll of acquirement
  2024 | D:5      | Acquired the +3 pair of mountain boots {steadfast, rC+}
  2024 | D:5      | Found the +3 pair of mountain boots {steadfast, rC+}
  2163 | D:5      | Reached skill level 5 in Hexes
  2172 | D:5      | Reached XP level 6. HP: 44/44 MP: 7/7
  2180 | D:5      | Found a sand-covered staircase.
  2200 | Ossuary  | Entered an ossuary
  2390 | Ossuary  | Reached skill level 5 in Ranged Weapons
  2504 | Ossuary  | Reached XP level 7. HP: 50/50 MP: 8/8
  2632 | D:4      | Found a glowing drain.
  2672 | Sewer    | Entered a sewer
  3288 | D:3      | Found a basalt altar of Yredelemnul.
  3291 | D:3      | Reached * piety under Ashenzari
  3389 | D:3      | Found a faded altar of an unknown god.
  3389 | D:3      | Found a faded altar of an unknown god.
  3391 | D:3      | Found a hazy altar of Hepliaklqana.
  3580 | D:3      | Found a runed translucent gate.
  3581 | D:3      | Found a runed translucent gate.
  3581 | D:3      | Noticed eyesofgods1's ghost (amateur OpHu)
  3582 | D:3      | Found a runed translucent gate.
  3671 | D:3      | Reached XP level 8. HP: 57/57 MP: 10/10
  3886 | D:3      | Killed eyesofgods1's ghost
  4249 | D:4      | Found a runed translucent door.
  4250 | D:4      | Noticed Crazy Yiuf
  4261 | D:4      | Killed Crazy Yiuf
  4641 | D:5      | Found an opulent altar of Gozag.
  4705 | D:5      | Found a shadowy altar of Dithmenos.
  4760 | D:5      | Reached ** piety under Ashenzari
  5180 | D:5      | Found an ornate altar of the Wu Jian Council.
  5241 | D:5      | Found a bloodstained altar of Trog.
  5303 | D:5      | Reached XP level 9. HP: 66/66 MP: 11/11
  5603 | D:6      | Found a transporter.
  5672 | D:6      | Identified the cursed +2 cloak of Supernal Understanding
                  | {Range, Cun} (You took it off Crazy Yiuf on level 4 of the
                  | Dungeon)
  5856 | D:6      | Noticed kae's ghost (novice DsTm)
  5917 | D:6      | Found a transporter.
  5994 | D:6      | Found a sacrificial altar of Ru.
  6306 | D:6      | Found Migasuoq's General Store.
  6310 | D:6      | Found Qumaf's Weapon Shoppe.
  6313 | D:6      | Found Kicwale's Magic Scroll Shoppe.
  6346 | D:6      | Found Pusteer's Antique Armour Shoppe.
  6351 | D:6      | Bought a pair of gloves for 139 gold pieces
  6359 | D:6      | Bought 2 scrolls of enchant weapon for 165 gold pieces
  6860 | D:7      | Learned a level 3 spell: Portal Projectile
  6865 | D:7      | Learned a level 4 spell: Cause Fear
  6927 | D:7      | Reached skill level 1 in Stealth
  6965 | D:7      | Reached skill level 5 in Fighting
  7064 | D:7      | Found a staircase to the Ecumenical Temple.
  7129 | D:7      | Reached XP level 10. HP: 76/77 MP: 14/14
  7134 | D:7      | Found a burning altar of Makhleb.
  7247 | D:7      | Found a glowing silver altar of Zin.
  7261 | D:7      | Found an iron altar of Okawaru.
  7457 | D:7      | Found a large runed translucent door.
  7458 | D:7      | Found a large runed translucent door.
  7715 | D:7      | Found a shimmering altar of Xom.
  7785 | D:7      | Found a white marble altar of Elyvilon.
  7803 | D:7      | Found a hide-covered altar of Uskayaw.
  7925 | D:8      | Found a radiant altar of Vehumet.
  7944 | D:8      | Reached skill level 10 in Ranged Weapons
  7957 | D:8      | Found a blossoming altar of Fedhas.
  7961 | D:8      | Noticed a rime drake
  7978 | D:8      | Killed a rime drake
  8119 | D:8      | Found a staircase to the Lair.
  8209 | D:8      | Identified the +8 hand axe of Heriohuuwy {protect, Str+5
                  | Dex+3}
  8322 | D:8      | Found a broken altar of Ashenzari.
  8836 | Lair:1   | Entered Level 1 of the Lair of Beasts
  8840 | Lair:1   | Noticed a cane toad
  8847 | Lair:1   | Killed a cane toad
  8860 | Lair:1   | Noticed a komodo dragon
  8862 | Lair:1   | Noticed a komodo dragon
  8999 | D:9      | Learned a level 4 spell: Summon Lightning Spire
  9198 | D:9      | Noticed a two-headed ogre
  9212 | D:9      | Killed a two-headed ogre
  9213 | D:9      | Reached skill level 5 in Stealth
  9213 | D:9      | Reached XP level 11. HP: 85/85 MP: 13/18
  9272 | D:9      | Reached *** piety under Ashenzari
  9456 | D:9      | Reached skill level 1 in Armour
  9456 | D:9      | Reached skill level 10 in Hexes
  9920 | D:10     | Entered Level 10 of the Dungeon
 10173 | D:10     | Noticed a sixfirhy
 10328 | D:10     | Found a faded altar of an unknown god.
 10328 | D:10     | Found a stormy altar of Qazlal.
 10336 | D:10     | Found a faded altar of an unknown god.
 10338 | D:10     | Found a glowing golden altar of the Shining One.
 10340 | D:10     | Found a shimmering blue altar of Sif Muna.
 10400 | D:10     | Noticed a four-headed hydra
 10539 | D:10     | Found a runed translucent door.
 10624 | D:10     | Reached skill level 5 in Spellcasting
 10836 | D:10     | Found a snail-covered altar of Cheibriados.
 10889 | D:10     | Killed a four-headed hydra
 10890 | D:10     | Reached skill level 1 in Evocations
 10899 | D:10     | Reached XP level 12. HP: 95/95 MP: 22/22
 10999 | D:11     | Noticed a two-headed ogre
 11029 | D:11     | Killed a two-headed ogre
 11162 | D:11     | Noticed a two-headed ogre
 11186 | D:11     | Killed a two-headed ogre
 11375 | D:11     | Found a transporter.
 11377 | D:11     | Found a transporter.
 11383 | D:11     | Found a transporter.
 11455 | D:11     | Noticed a boulder beetle
 11455 | D:11     | Noticed a boulder beetle
 11495 | D:11     | Killed a boulder beetle
 11509 | D:11     | Killed a boulder beetle
 11720 | D:11     | Found a transporter.
 12517 | D:12     | Found Seivowin's Jewellery Boutique.
 12524 | D:12     | Bought an amulet of regeneration for 330 gold pieces
 12680 | D:12     | Reached **** piety under Ashenzari
 12684 | D:12     | Found a staircase to the Orcish Mines.
 12745 | D:12     | Noticed Fannar
 12776 | D:12     | Killed Fannar
 12777 | D:12     | Reached skill level 5 in Evocations
 12777 | D:12     | Reached XP level 13. HP: 94/108 MP: 27/27
 13077 | D:13     | Noticed a four-headed hydra
 13085 | D:13     | Killed a four-headed hydra
 13177 | D:13     | Noticed a centaur warrior
 13184 | D:13     | Killed a centaur warrior
 13515 | D:13     | Noticed Sonja
 13518 | D:13     | Killed Sonja
 13774 | D:13     | Found a gate to the Vaults.
 13795 | D:13     | Noticed a centaur warrior
 13801 | D:13     | Killed a centaur warrior
 14025 | Lair:1   | Reached skill level 10 in Fighting
 14092 | Lair:1   | Identified the +12 dagger of the Well-Known Bones {elec,
                  | rC- rN+ Dex+9}
 14423 | Lair:1   | Reached ***** piety under Ashenzari
 15419 | Lair:2   | Reached skill level 5 in Dodging
 15635 | Lair:3   | Reached skill level 1 in Shields
 15639 | Lair:3   | Found a hole to the Spider Nest.
 15663 | Lair:3   | Noticed a seven-headed hydra
 15671 | Lair:3   | Killed a seven-headed hydra
 15825 | Lair:3   | Found a staircase to the Swamp.
 15835 | Lair:3   | Reached XP level 14. HP: 103/120 MP: 29/29
 17097 | Lair:4   | Reached skill level 1 in Summonings
 17294 | Lair:5   | Entered Level 5 of the Lair of Beasts
 17310 | Lair:4   | Reached skill level 1 in Air Magic
 17446 | Lair:5   | Found a staircase to the Slime Pits.
 17701 | Lair:5   | Reached skill level 5 in Armour
 18241 | Lair:5   | Identified the ring "Osemm" {rN+ Int+4}
 18802 | Lair:5   | Found a runed translucent door.
 18807 | Lair:5   | Reached skill level 5 in Shields
 19137 | Lair:5   | Identified the Verses on Impulse and Beguiling
 19208 | Lair:5   | Reached XP level 15. HP: 127/127 MP: 30/30
 19571 | Orc:1    | Entered Level 1 of the Orcish Mines
 19577 | Orc:1    | Noticed Erica
 19587 | Orc:1    | Killed Erica
 19706 | Orc:2    | Entered Level 2 of the Orcish Mines
 19708 | Orc:2    | Noticed an orc warlord
 19734 | Orc:1    | Learned a level 2 spell: Ensorcelled Hibernation
 19738 | Orc:1    | Learned a level 3 spell: Tukima's Dance
 19743 | Orc:1    | Learned a level 4 spell: Anguish
 20233 | Orc:2    | Killed an orc warlord
 20490 | Orc:2    | Found Legguhoa's Book Emporium.
 20640 | Orc:2    | Found a staircase to the Elven Halls.
 20677 | Orc:2    | Noticed an orc warlord
 20715 | Orc:2    | Killed an orc warlord
 20882 | Orc:2    | Found Ifoel's Antique Weapon Emporium.
 20898 | Orc:2    | Found Surgheci's Antique Armour Shoppe.
 20905 | Orc:2    | Bought a runed buckler for 210 gold pieces
 20959 | Orc:2    | Noticed an orc warlord
 20975 | Orc:2    | Killed an orc warlord
 21285 | Orc:2    | Found Cyom's Antique Armour Shoppe.
 21290 | Orc:2    | Bought a heavily jewelled robe for 96 gold pieces
 21290 | Orc:2    | Identified the +3 robe of the Pink Corner {rN+ Will+} (You
                  | bought it in a shop on level 2 of the Orcish Mines)
 21290 | Orc:2    | Bought a pair of glowing gloves for 127 gold pieces
 22753 | D:15     | Entered Level 15 of the Dungeon
 22754 | D:15     | Noticed Jorgrun
 22777 | D:15     | Killed Jorgrun
 22847 | D:15     | Found an iron altar of Okawaru.
 22980 | Abyss:3  | Cast into level 3 of the Abyss (a wizard)
 23167 | Abyss:3  | Found a corrupted altar of Lugonu.
 23170 | Abyss:3  | Found a corrupted altar of Lugonu.
 23170 | Abyss:3  | Found a corrupted altar of Lugonu.
 23174 | Abyss:3  | Found a corrupted altar of Lugonu.
 23176 | D:15     | Escaped the Abyss
 23183 | D:15     | Reached XP level 16. HP: 76/100 MP: 31/31
 23250 | D:15     | Found a staircase to the Depths.
 23489 | D:15     | Noticed Agnes
 23502 | D:15     | Killed Agnes
 23833 | D:15     | Noticed Nessos
 23842 | D:15     | Killed Nessos
 24470 | Spider:1 | Entered Level 1 of the Spider Nest
 24519 | Spider:1 | Identified the +1 leather armour "Noric" {Str+2}
 24676 | Spider:1 | HP: 1/126 [demonic crawler (12)]
 24676 | Spider:1 | Mangled by a demonic crawler

Illustrated notes

Levels and vault maps discovered:
D:1:      evilmike_arrival_crescent, layout_loops_corners, minmay_tetromino_t4
D:2:      layout_loops_ring, chequers_ecumenical_altar_simple_redux
D:3:      layout_loops_ring, mainiacjoe_overflow_24_doors,
          nicolae_hepliaklqana_ecumenical_no_more, lemuel_doored_altar,
          serial_shops, shop, biasface_ghost_orc_armoury, minmay_box_of_dots
D:4:      layout_gridville, portal_sewer_entry_c, minmay_misc_feat_cross,
          uniq_crazy_yiuf_cottage
D:5:      layout_loops_ring, mainiacjoe_overflow_catwalk,
          mainiacjoe_overflow_concentric_impassable, grunt_gozag_statues,
          nicolae_overflow_hidden_temple, enter_ossuary_4
D:6:      layout_basic, nicolae_ru_awakened_eye, gammafunk_ghost_stat_death,
          grunt_ministairs_9, minmay_shop_grid_forest, minmay_misc_feat_rugged,
          nicolae_benzene_ring, st_stairs_3
D:7:      layout_gridville, tgw_xom, nicolae_overflow_crystal_walls,
          amcnicky_altar_gilded, general_overflow_altar, jmf_multi_god_temple2,
          minmay_temple_entry_antechambers
D:8:      layout_basic, overflow_temple_1_default,
          mainiacjoe_overflow_small_starburst, mainiacjoe_overflow_boulevard,
          hellmonk_lair_entry_icy, nicolae_fountain_basement
D:9:      layout_grid_maze
D:10:     layout_long_grid, mainiacjoe_overflow_cross_hatched,
          chequers_temple_overflow_minitemple, hangedman_weighted_door,
          minmay_st_funbox
D:11:     layout_roguey, nicolae_diode_quadrants
D:12:     layout_rooms, david_orc_2, serial_shops, shop, serial_ice,
          serial_ice_h, serial_ice_j, serial_ice_n, serial_ice_g,
          chequers_arboretum, uniq_fannar
D:13:     layout_small_grid, david_vaults_4, uniq_sonja
D:14:     layout_stronghold, ebering_dispersal_statue_hall,
          lemuel_nasty_fountain
D:15:     grunt_enter_depths_magical_seal, layout_stronghold,
          minmay_door_square, nicolae_hexahallways, minmay_misc_feat_pillars,
          dreamdust_wishing_well, okawaru_trees_2, uniq_jorgrun, uniq_nessos,
          uniq_agnes
Lair:1:   layout_regular_city, serial_bayou, serial_bayou_pond_b,
          serial_bayou_ford_a, serial_bayou_lagoon_b, serial_bayou_pond_d,
          minmay_hedge_maze, serial_bayou_pond_e
Lair:2:   layout_gridlike, dreamdust_deal_with_the_devil, lemuel_fruit_fields
Lair:3:   layout_hall_layers, skrybe_swamp_entry_bodies,
          nicolae_spider_entry_non_spiders, st_stairs_5,
          eino_small_chamber_without_monster
Lair:4:   nzn_motion_control, layout_cave_shapes, chequers_serial_rivers_marsh,
          minivault_27, chequers_serial_rivers_large_b
Lair:5:   wormcave, layout_regular_city, guppyfry_lair_end_dragon,
          dpeg_slime_entry_corner, serial_rivers,
          chequers_serial_rivers_small_a, chequers_serial_rivers_micro_e,
          chequers_serial_rivers_room_a, chequers_serial_rivers_small_a,
          ldierk_geyser
Spider:1: layout_spider_delve
Orc:1:    layout_caves, lightli_orcish_oven, uniq_erica
Orc:2:    grunt_orc_community_town_hall, layout_caves,
          grunt_orc_community_big_house_2, grunt_orc_community_big_house_1,
          grunt_orc_community_house_1, grunt_orc_community_house_3,
          grunt_orc_community_house_1, grunt_orc_community_house_3,
          grunt_orc_community_house_3

Skill      XL: |  1  2  3  4  5  6  7  8  9 10 11 12 13 14 15 16 |
---------------+-------------------------------------------------+-----
Hexes          | 4 5 6 7 8 9 10 11 13 14 | 14.5
Fighting       | 2 3 5 6 7 9 10 11 12 | 12.3
Ranged Weapons | 3 4 5 6 8 9 10 11 12 13 14 | 14.2
Dodging        | 2 4 5 6 7 |  7.1
Stealth        | 2 5 6 7 |  7.4
Spellcasting   | 2 4 5 7 8 |  8.5
Armour         | 2 3 5 6 |  6.8
Evocations     | 1 5 6 7 |  7.2
Shields        | 1 5 7 |  7.2
Summonings     | 3 4 |  4.8
Air Magic      | 2 4 |  4.0

Action                   |  1- 3 |  4- 6 |  7- 9 | 10-12 | 13-15 | 16-18 || total
-------------------------+-------+-------+-------+-------+-------+-------++-------
 Fire: Sling             |    85 |   267 |   601 |   666 |  1535 |   100 ||  3254
       Longbow           |       |       |       |       |       |    58 ||    58
 Cast: Slow              |     4 |     2 |     2 |     4 |     2 |       ||    14
       Portal Projectile |       |       |       |     8 |    32 |     2 ||    42
       Tukima's Dance    |       |       |       |       |     3 |     3 ||     6
       Anguish           |       |       |       |       |     2 |       ||     2
       Ensorcelled Hiber |       |       |       |       |     1 |       ||     1
       Summon Lightning  |       |       |       |       |     1 |       ||     1
Invok: Curse Item        |       |     1 |     2 |     3 |     2 |       ||     8
 Abil: Dig               |       |       |       |     3 |     9 |     1 ||    13
       Shaft Self        |       |       |       |       |       |     1 ||     1
Evoke: Wand              |       |       |     5 |     3 |     2 |       ||    10
       Condenser vane    |       |       |       |     1 |     1 |       ||     2
  Use: Potion            |     2 |       |     5 |       |     9 |       ||    16
       Scroll            |       |    10 |    10 |     2 |     1 |       ||    23
Armor: Robe              |     3 |    44 |    72 |       |       |       ||   119
       Skin              |       |       |    20 |       |       |       ||    20
       Steam dragon scal |       |       |     7 |   202 |   337 |    73 ||   619
Dodge: Dodged            |    29 |   169 |   243 |   589 |   936 |   172 ||  2138

Table legend: (Time is in decaauts)
 A = Elapsed time spent in this place.
 B = Non-inter-level travel time spent in this place.
 C = Inter-level travel time spent in this place.
 D = Time resting spent in this place.
 E = Time spent auto-exploring this place.
 F = Levels seen in this place.
 G = Mean time per level.
                   A        B        C        D        E       F      G
               +--------+--------+--------+--------+--------+-----+--------+
         Total |  24964 |  23571 |   1393 |      0 |  17958 |  26 |  960.2 |
       Dungeon |  15900 |  15012 |    888 |      0 |  12033 |  15 | 1060.0 |
          Lair |   5769 |   5331 |    438 |      0 |   4197 |   5 | 1153.8 |
   Spider Nest |     82 |     82 |      0 |      0 |     26 |   1 |   82.0 |
  Orcish Mines |   2154 |   2088 |     66 |      0 |   1305 |   2 | 1077.0 |
         Abyss |    195 |    195 |      0 |      0 |     50 |   1 |  195.0 |
         Sewer |    494 |    494 |      0 |      0 |    246 |   1 |  494.0 |
       Ossuary |    367 |    367 |      0 |      0 |     99 |   1 |  367.0 |
               +--------+--------+--------+--------+--------+-----+--------+

Top non-repeatable levels by time:
  Lair:5: 2048 daAuts
    D:15: 1342 daAuts
    D:11: 1330 daAuts
  Lair:4: 1279 daAuts
     D:6: 1230 daAuts
     D:9: 1164 daAuts
     D:5: 1162 daAuts
   Orc:2: 1110 daAuts
    D:10: 1096 daAuts
     D:7: 1073 daAuts
   Orc:1: 1043 daAuts
     D:8: 1035 daAuts
     D:2: 1034 daAuts
    D:14: 1020 daAuts
    D:13: 1006 daAuts
